 Dungeon Crawl Stone Soup version 0.17.0-28-g6e173f8 (webtiles) character file.

786 dohliylev the Covert (level 7, 0/51 HPs)
             Began as a Vampire Assassin on Nov 28, 2015.
             Succumbed to Chiseanne's ghost's poison
             ... in an ossuary.
             The game lasted 00:24:10 (3670 turns).

dohliylev the Covert (Vampire Assassin)             Turns: 3670, Time: 00:24:10

Health: 0/51       AC:  6    Str: 16    XL:     7   Next: 56%
Magic:  7/7        EV: 16    Int: 13    God:
Gold:   346        SH:  0    Dex: 18    Spells: 0 memorised, 6 levels left

rFire  . . .     SeeInvis +     v - +0 dagger (venom)
rCold  . . .     Clarity  .     c - +0 robe
rNeg   . . .     SustAt   .     (no shield)
rPois  .         Gourm    .     (no helmet)
rElec  .         Spirit   .     d - +0 cloak
rCorr  .         Warding  .     k - +2 pair of gloves
rMut   .         Stasis   .     (no boots)
MR     .....                    (no amulet)
Stlth  +++++.....               (no ring)
                                j - +6 ring of strength

@: lethally poisoned (0 -> -36), regenerating very quickly, not resistant to
hostile enchantments, quite stealthy
A: fangs 3, see invisible, unbreathing
a: no special abilities


You were in an ossuary.
You were almost alive.

You visited 1 branch of the dungeon, and saw 6 of its levels.
You also visited: Ossuary.

You collected 346 gold pieces.

Inventory:

Hand Weapons
 a - a +2 dagger
 b - a +0 blowgun
 v - a +0 dagger of venom (weapon)
Missiles
 e - 2 poisoned needles
 f - a curare-tipped needle
 m - a throwing net (quivered)
Armour
 c - a +0 robe (worn)
 d - a +0 cloak (worn)
 k - a +2 pair of gloves (worn)
Magical Staves
 u - an uncursed staff of wizardry
Jewellery
 j - a +6 ring of strength (left hand)
Scrolls
 i - a scroll of fog {unknown}
 l - 2 scrolls of blinking
 p - a scroll of enchant armour
 q - a scroll of enchant weapon
 r - 4 scrolls of teleportation
 t - 3 scrolls of remove curse {unknown}
Potions
 g - 25 potions of blood
 h - 4 potions of curing {unknown}
 n - a potion of invisibility {unknown}
 s - a potion of brilliance {unknown}
Books
 o - a book of the Earth

   Spells                             Type                      Level
   a - Leda's Liquefaction            Hexes/Earth                  4
   b - Bolt of Magma                  Conjuration/Fire/Earth       5
   c - Statue Form                    Transmutation/Earth          6
   d - Iron Shot                      Conjuration/Earth            6
   e - Shatter                        Earth                        9


   Skills:
 + Level 2.8 Fighting
 + Level 2.9 Short Blades
 + Level 3.2 Throwing
 + Level 5.2 Dodging
 + Level 9.8 Stealth
 + Level 0.2 Unarmed Combat


You had 6 spell levels left.
You didn't know any spells.

Dungeon Overview and Level Annotations

Branches:
Dungeon (6/15)
 Temple: D:4-7

Altars:
Makhleb
Trog

Annotations:
D:6 skk's ghost, novice HaHu Ossuary Chiseanne's ghost, amateur DDHu


Innate Abilities, Weirdness & Mutations

Your natural rate of healing is extremely fast.
You have razor-sharp teeth.
You have supernaturally acute eyesight.
You can survive without breathing.


Message History

You barely miss the hobgoblin zombie.
You feel sick.
Chiseanne's ghost hits you but does no damage.
You are more poisoned.
The goblin zombie closely misses you. The goblin zombie hits you.
* * * LOW HITPOINT WARNING * * *
You barely miss the hobgoblin zombie.
* * * LOW HITPOINT WARNING * * *
You feel sick. Chiseanne's ghost hits you!
* * * LOW HITPOINT WARNING * * *
You are more poisoned.
The goblin zombie hits you but does no damage.
The hobgoblin zombie closely misses you.
You hit the hobgoblin zombie.
* * * LOW HITPOINT WARNING * * *
You feel very sick. The goblin zombie barely misses you.
Chiseanne's ghost misses you.
The hobgoblin zombie hits you but does no damage.
You hit the hobgoblin zombie.
You bite the hobgoblin zombie, but do no damage.
You die...

#Z ##### ...
##...## ....
##Z....###.....
#@WZM..........
#ZZ∩.∩.........
#..............
##.....###.....
##...## .....
##### ..Z. .#Z
##


You could see a mummy, Chiseanne's ghost, 2 goblin zombies, a hobgoblin zombie
and a gnoll zombie.

Vanquished Creatures
  Eustachio (D:4)
  An ice beast (D:5)
  2 ogres
  2 hounds (D:5)
  An iguana (D:5)
  Natasha (twice) (D:4)
  An orc priest (D:5)
  2 worker ants
  2 orc wizards
  A mummy (D:5)
  3 adders
  A gnoll (D:1)
  2 oozes (D:1)
  6 orcs
  6 bats
  5 hobgoblins
  2 jackals (D:1)
  13 kobolds
  2 quokkas
  3 ball pythons
  2 giant cockroaches
  4 giant geckos
  A giant gecko skeleton (D:3)
  2 giant gecko zombies
  5 giant newts
  10 goblins
  A jackal skeleton (D:4)
  An orc zombie (Ossuary)
  8 rats
92 creatures vanquished.

Vanquished Creatures (others)
  Sigmund (D:5)
1 creature vanquished.

Grand Total: 93 creatures vanquished

Notes
Turn   | Place    | Note
--------------------------------------------------------------
     0 | D:1      | dohliylev the Vampire Assassin began the quest for the Orb.
     0 | D:1      | Reached XP level 1. HP: 16/16 MP: 1/1
    11 | D:1      | Reached skill level 6 in Stealth
    17 | D:1      | You fall through a shaft!
   167 | D:1      | Reached XP level 2. HP: 22/22 MP: 2/2
   352 | D:1      | Reached XP level 3. HP: 14/27 MP: 3/3
   769 | D:1      | Reached skill level 7 in Stealth
  1430 | D:2      | Reached XP level 4. HP: 33/33 MP: 4/4
  1727 | D:3      | Found a burning altar of Makhleb.
  2369 | D:4      | Noticed Eustachio
  2380 | D:4      | Killed Eustachio
  2380 | D:4      | Reached skill level 8 in Stealth
  2380 | D:4      | Reached XP level 5. HP: 37/39 MP: 5/5
  2380 | D:4      | Reached XP level 6. HP: 43/46 MP: 6/6
  2485 | D:4      | Noticed Natasha
  2508 | D:4      | Killed Natasha
  2691 | D:4      | Noticed Natasha
  2695 | D:4      | Killed Natasha
  2812 | D:5      | Entered Level 5 of the Dungeon
  2867 | D:5      | Reached skill level 9 in Stealth
  2968 | D:5      | Noticed Sigmund
  3029 | D:6      | Found a bloodstained altar of Trog.
  3078 | D:6      | Reached XP level 7. HP: 31/51 MP: 7/7
  3337 | D:6      | Noticed skk's ghost (novice HaHu)
  3500 | D:5      | Reached skill level 5 in Dodging
  3600 | D:5      | Killed Sigmund
  3623 | D:5      | Found a sand-covered staircase.
  3634 | Ossuary  | Entered an ossuary
  3637 | Ossuary  | Noticed Chiseanne's ghost (amateur DDHu)
  3669 | Ossuary  | HP: 1/51 [poisoned by Chiseanne's ghost]
  3670 | Ossuary  | Succumbed to Chiseanne's ghost's poison

Action                   |  1- 3 |  4- 6 |  7- 9 || total
-------------------------+-------+-------+-------++-------
Melee: Dagger            |    88 |   117 |   107 ||   312
       Unarmed           |    20 |       |       ||    20
 Fire: Blowgun           |     2 |    30 |     7 ||    39
Throw: Throwing net      |       |     2 |       ||     2
 Abil: End Transformatio |     1 |     2 |     1 ||     4
       Bat Form          |     1 |     2 |     1 ||     4
  Use: Scroll            |       |     5 |       ||     5
       Potion            |       |       |    11 ||    11
 Stab: Sleeping          |    16 |    14 |     1 ||    31
       Distracted        |       |     1 |     1 ||     2
